General information
			
			
        
        - name: BNet
 
        - type: Ladder team game (AT/RT)
 
        - host: Battle.net
 
        - saver: BO_SCHEMBECHLER
 
        
map: RiceFields 
        - players: 6
 
        - length: 71:12
 
        - speed: Fast
 - version: 1.22 W3XP
 - replay type:  Public
 
» download(351 KB)
Players
        team 1 (winner) 
              
              
BO_SCHEMBECHLER (
red | 54 APM | 3855 actions | 71:12)
              
 6 Blood Mage 
 2 Flame Strike
 2 Siphon Mana
 1 Banish
 1 Summon Phoenix
 5 Paladin 
 3 Holy Light
 2 Divine Shield
 5 Mountain King 
 3 Storm Bolt
 2 Bash
 
                » actions 
                
                | Assign group hotkey | 22 |  | 
| Basic commands | 60 |  | 
| Build / train | 94 |  | 
| ESC pressed | 5 |  | 
| Enter build submenu | 33 |  | 
| Enter hero's abilities submenu | 17 |  | 
| Give item / drop item | 2 |  | 
| Right click | 1415 |  | 
| Select / deselect | 538 |  | 
| Select group hotkey | 1260 |  | 
| Use ability | 409 |  | 
                3855 total
 » units 
                
                | Peasant | 15 |  | 
| Dragonhawk Rider | 12 |  | 
                27 total
 » upgrades
                
                | Masonry | 3 |  | 
| Lumber Harvesting | 1 |  | 
| Animal War Training | 1 |  | 
| Armor | 3 |  | 
| Magic Sentry | 1 |  | 
| Sorceress Training | 1 |  | 
| Cloud | 1 |  | 
                11 total
 » buildings
                
                | Altar of Kings | 1 |  | 
| Farm | 8 |  | 
| Scout Tower | 54 |  | 
| Lumber Mill | 1 |  | 
| Guard Tower | 22 |  | 
| Arcane Vault | 1 |  | 
| Keep | 1 |  | 
| Gryphon Aviary | 2 |  | 
| Arcane Sanctum | 1 |  | 
| Blacksmith | 1 |  | 
| Barracks | 1 |  | 
| Castle | 1 |  | 
| Arcane Tower | 1 |  | 
                95 total
 » build order
                00:13 Altar of Kings
00:38 Farm
00:39 Scout Tower
01:04 Lumber Mill
01:17 Scout Tower
01:24 Farm
01:27 Scout Tower
02:12 Guard Tower
02:12 Guard Tower
02:28 Guard Tower
02:28 Guard Tower
02:45 Guard Tower
02:49 Scout Tower
02:50 Scout Tower
03:20 Scout Tower
03:21 Scout Tower
03:21 Guard Tower
04:21 Guard Tower
04:22 Scout Tower
04:23 Scout Tower
04:24 Scout Tower
04:48 Arcane Vault
05:02 Guard Tower
05:04 Scout Tower
05:05 Scout Tower
05:10 Scout Tower
05:11 Scout Tower
05:13 Scout Tower
05:13 Scout Tower
05:23 Keep
05:55 Guard Tower
06:23 Guard Tower
06:51 Farm
06:52 Farm
06:53 Farm
06:54 Farm
06:55 Farm
07:26 Scout Tower
07:27 Scout Tower
07:31 Scout Tower
07:32 Scout Tower
07:34 Scout Tower
07:34 Scout Tower
09:22 Guard Tower
09:24 Gryphon Aviary
09:26 Arcane Sanctum
09:28 Gryphon Aviary
09:35 Blacksmith
09:43 Barracks
10:32 Castle
12:53 Scout Tower
12:53 Scout Tower
12:56 Scout Tower
12:56 Scout Tower
12:56 Scout Tower
12:58 Scout Tower
13:29 Guard Tower
13:39 Guard Tower
13:42 Scout Tower
13:44 Scout Tower
13:49 Scout Tower
13:51 Scout Tower
13:52 Scout Tower
13:54 Scout Tower
13:54 Scout Tower
13:57 Scout Tower
14:37 Guard Tower
14:53 Guard Tower
15:33 Guard Tower
15:54 Scout Tower
15:55 Scout Tower
15:56 Scout Tower
16:25 Guard Tower
16:29 Scout Tower
16:30 Scout Tower
16:47 Guard Tower
17:06 Guard Tower
18:48 Scout Tower
18:48 Scout Tower
18:50 Scout Tower
18:52 Scout Tower
20:01 Guard Tower
28:21 Scout Tower
28:21 Scout Tower
28:21 Scout Tower
28:22 Scout Tower
28:22 Scout Tower
28:23 Scout Tower
28:23 Scout Tower
30:11 Arcane Tower
51:53 Farm
» items
                
                | Healing Salve | 1 |  | 
| Lesser Clarity Potion | 1 |  | 
| Scroll of Speed | 2 |  | 
| Scroll of Town Portal | 1 |  | 
| Staff of Sanctuary | 3 |  | 
| Orb of Lightning | 1 |  | 
| Potion of Healing | 2 |  | 
                11 total
  
               
              
              
JIMBOSAURUS (
orange | 52 APM | 3686 actions | 71:12)
              
 6 Paladin 
 3 Holy Light
 3 Divine Shield
 5 Mountain King 
 3 Storm Bolt
 2 Bash
 
                » actions 
                
                | Assign group hotkey | 24 |  | 
| Basic commands | 157 |  | 
| Build / train | 159 |  | 
| Enter build submenu | 51 |  | 
| Enter hero's abilities submenu | 11 |  | 
| Give item / drop item | 11 |  | 
| Right click | 1664 |  | 
| Select / deselect | 468 |  | 
| Select group hotkey | 780 |  | 
| Use ability | 361 |  | 
                3686 total
 » units 
                
                | Peasant | 16 |  | 
| Priest | 2 |  | 
| Sorceress | 2 |  | 
| Dragonhawk Rider | 34 |  | 
                54 total
 » upgrades
                
                | Masonry | 3 |  | 
| Lumber Harvesting | 2 |  | 
| Magic Sentry | 1 |  | 
| Priest Training | 1 |  | 
| Sorceress Training | 1 |  | 
| Cloud | 1 |  | 
| Swords | 3 |  | 
| Armor | 3 |  | 
| Animal War Training | 1 |  | 
                16 total
 » buildings
                
                | Altar of Kings | 1 |  | 
| Lumber Mill | 2 |  | 
| Farm | 11 |  | 
| Scout Tower | 127 |  | 
| Guard Tower | 48 |  | 
| Arcane Vault | 1 |  | 
| Keep | 2 |  | 
| Arcane Sanctum | 1 |  | 
| Gryphon Aviary | 2 |  | 
| Castle | 1 |  | 
| Town Hall | 2 |  | 
| Blacksmith | 1 |  | 
| Arcane Tower | 4 |  | 
| Barracks | 1 |  | 
| Workshop | 1 |  | 
| Cannon Tower | 2 |  | 
                207 total
 » build order
                00:11 Altar of Kings
00:20 Lumber Mill
00:30 Farm
00:31 Farm
01:13 Scout Tower
01:15 Scout Tower
01:16 Scout Tower
01:19 Scout Tower
01:21 Scout Tower
01:49 Scout Tower
01:52 Scout Tower
02:03 Guard Tower
02:19 Guard Tower
02:29 Guard Tower
02:51 Scout Tower
02:53 Scout Tower
02:54 Scout Tower
02:55 Scout Tower
02:56 Scout Tower
03:11 Guard Tower
03:25 Guard Tower
03:50 Guard Tower
04:37 Scout Tower
04:39 Scout Tower
04:40 Guard Tower
05:33 Guard Tower
05:38 Arcane Vault
05:41 Guard Tower
05:48 Keep
05:49 Keep
05:54 Farm
05:56 Farm
05:57 Farm
06:36 Scout Tower
06:38 Scout Tower
06:43 Scout Tower
07:25 Guard Tower
07:30 Scout Tower
07:32 Scout Tower
07:34 Scout Tower
09:27 Arcane Sanctum
09:29 Guard Tower
10:07 Gryphon Aviary
10:18 Scout Tower
10:22 Scout Tower
10:23 Scout Tower
11:10 Castle
12:46 Guard Tower
12:50 Guard Tower
13:00 Guard Tower
15:21 Town Hall
15:31 Scout Tower
15:32 Scout Tower
15:36 Scout Tower
15:37 Scout Tower
15:39 Scout Tower
15:41 Scout Tower
15:42 Scout Tower
15:44 Scout Tower
15:46 Scout Tower
15:48 Scout Tower
16:05 Farm
16:08 Farm
16:10 Farm
18:38 Guard Tower
19:35 Scout Tower
19:36 Scout Tower
19:37 Scout Tower
19:38 Scout Tower
19:39 Scout Tower
19:40 Scout Tower
19:44 Scout Tower
19:45 Scout Tower
19:46 Scout Tower
20:05 Blacksmith
20:10 Guard Tower
20:15 Scout Tower
20:16 Scout Tower
20:16 Scout Tower
20:18 Scout Tower
20:19 Scout Tower
20:19 Scout Tower
20:20 Scout Tower
20:21 Scout Tower
20:22 Scout Tower
20:23 Scout Tower
20:24 Scout Tower
20:24 Scout Tower
20:26 Scout Tower
20:27 Scout Tower
20:28 Scout Tower
20:29 Scout Tower
20:30 Scout Tower
20:31 Scout Tower
20:33 Scout Tower
20:34 Scout Tower
20:35 Scout Tower
20:36 Scout Tower
20:38 Scout Tower
20:39 Scout Tower
20:40 Scout Tower
20:40 Scout Tower
20:43 Scout Tower
20:44 Scout Tower
20:45 Scout Tower
20:46 Scout Tower
21:20 Guard Tower
21:46 Lumber Mill
22:15 Guard Tower
22:40 Guard Tower
23:40 Scout Tower
23:40 Scout Tower
23:40 Scout Tower
23:41 Scout Tower
23:42 Scout Tower
25:06 Guard Tower
25:34 Guard Tower
27:24 Scout Tower
27:25 Scout Tower
27:25 Scout Tower
27:26 Scout Tower
27:38 Scout Tower
27:38 Scout Tower
27:39 Scout Tower
27:41 Scout Tower
27:42 Scout Tower
27:43 Scout Tower
27:44 Scout Tower
27:45 Scout Tower
28:02 Guard Tower
28:09 Guard Tower
28:12 Guard Tower
28:12 Guard Tower
28:12 Guard Tower
28:19 Scout Tower
28:20 Scout Tower
28:21 Scout Tower
28:22 Scout Tower
28:39 Guard Tower
30:49 Scout Tower
30:50 Scout Tower
30:51 Scout Tower
30:56 Scout Tower
30:57 Scout Tower
30:57 Scout Tower
31:04 Scout Tower
31:05 Scout Tower
31:06 Scout Tower
31:07 Scout Tower
31:12 Scout Tower
31:15 Scout Tower
31:23 Guard Tower
31:34 Guard Tower
31:38 Guard Tower
31:48 Guard Tower
31:51 Guard Tower
32:04 Guard Tower
32:18 Guard Tower
32:28 Scout Tower
32:29 Scout Tower
32:29 Scout Tower
32:31 Scout Tower
32:33 Guard Tower
32:41 Scout Tower
32:42 Scout Tower
32:44 Scout Tower
32:56 Scout Tower
32:56 Scout Tower
32:58 Scout Tower
32:59 Arcane Tower
33:00 Arcane Tower
33:34 Arcane Tower
33:40 Arcane Tower
33:42 Guard Tower
33:46 Guard Tower
34:03 Guard Tower
34:07 Guard Tower
34:10 Guard Tower
34:26 Scout Tower
34:28 Scout Tower
34:39 Guard Tower
34:57 Guard Tower
35:26 Guard Tower
35:39 Scout Tower
35:40 Scout Tower
35:41 Scout Tower
36:18 Guard Tower
36:47 Guard Tower
39:43 Scout Tower
39:44 Scout Tower
40:02 Guard Tower
47:31 Barracks
53:03 Town Hall
60:17 Farm
60:19 Farm
60:20 Farm
60:29 Gryphon Aviary
66:18 Scout Tower
66:45 Scout Tower
66:48 Scout Tower
67:01 Workshop
67:22 Scout Tower
67:23 Scout Tower
68:06 Cannon Tower
68:09 Cannon Tower
» items
                
                | Healing Salve | 1 |  | 
| Lesser Clarity Potion | 2 |  | 
| Orb of Lightning | 2 |  | 
| Staff of Sanctuary | 1 |  | 
| Mana Stone | 2 |  | 
| Health Stone | 3 |  | 
| Kelen's Dagger of Escape | 1 |  | 
| Ring of Protection +5 | 4 |  | 
| Wand of the Wind | 1 |  | 
                17 total
  
               
              
              
PEEON.YOU (
blue | 69 APM | 4937 actions | 71:12)
              
 9 Blademaster 
 3 Wind Walk
 3 Critical Strike
 1 Bladestorm
 2 Mirror Image
 
                » actions 
                
                | Assign group hotkey | 1739 |  | 
| Basic commands | 51 |  | 
| Build / train | 72 |  | 
| ESC pressed | 2 |  | 
| Enter build submenu | 54 |  | 
| Enter hero's abilities submenu | 9 |  | 
| Give item / drop item | 6 |  | 
| Remove unit from queue | 1 |  | 
| Right click | 1700 |  | 
| Select / deselect | 505 |  | 
| Select group hotkey | 583 |  | 
| Use ability | 215 |  | 
                4937 total
 » units 
                » upgrades
                » buildings
                
                | Altar of Storms | 1 |  | 
| Orc Burrow | 4 |  | 
| War Mill | 2 |  | 
| Voodoo Lounge | 1 |  | 
| Watch Tower | 43 |  | 
| Stronghold | 1 |  | 
| Beastiary | 1 |  | 
| Fortress | 1 |  | 
                54 total
 » build order
                00:08 Altar of Storms
00:11 Orc Burrow
00:48 War Mill
01:14 Voodoo Lounge
02:00 Watch Tower
02:23 Watch Tower
02:39 Orc Burrow
02:59 Watch Tower
03:10 Watch Tower
03:27 Watch Tower
04:05 Watch Tower
04:06 Watch Tower
04:26 Watch Tower
05:09 Watch Tower
05:14 Watch Tower
05:45 Watch Tower
05:54 Stronghold
06:20 Watch Tower
06:55 Watch Tower
07:22 Orc Burrow
07:30 Watch Tower
08:01 Watch Tower
08:22 Beastiary
09:10 Watch Tower
09:12 Fortress
09:16 Watch Tower
10:14 Watch Tower
10:25 Orc Burrow
11:18 Watch Tower
12:16 Watch Tower
12:17 Watch Tower
12:18 Watch Tower
13:20 Watch Tower
13:23 Watch Tower
13:30 Watch Tower
14:27 Watch Tower
14:33 Watch Tower
14:35 Watch Tower
14:46 War Mill
16:31 Watch Tower
16:59 Watch Tower
17:00 Watch Tower
17:01 Watch Tower
17:02 Watch Tower
18:40 Watch Tower
18:58 Watch Tower
19:04 Watch Tower
19:07 Watch Tower
19:51 Watch Tower
20:25 Watch Tower
20:27 Watch Tower
20:32 Watch Tower
21:08 Watch Tower
21:42 Watch Tower
» items
                
                | Healing Salve | 5 |  | 
| Lesser Clarity Potion | 7 |  | 
| Scroll of Town Portal | 3 |  | 
| Orb of Lightning | 1 |  | 
| Claws of Attack +15 | 6 |  | 
                22 total
  
               team 2 (loser) 
              
              
ChronoBeast87 (
teal | 43 APM | 2479 actions | 57:06)
              
 4 Death Knight 
 2 Death Coil
 2 Unholy Aura
 5 Dark Ranger 
 2 Black Arrow
 1 Silence
 2 Life Drain
 4 Firelord 
 2 Summon Lava Spawn
 2 Soul Burn
 1 Archmage 
 1 Blizzard
 
                » actions 
                
                | Assign group hotkey | 52 |  | 
| Basic commands | 165 |  | 
| Build / train | 107 |  | 
| Enter build submenu | 24 |  | 
| Enter hero's abilities submenu | 15 |  | 
| Give item / drop item | 1 |  | 
| Remove unit from queue | 3 |  | 
| Right click | 1112 |  | 
| Select / deselect | 609 |  | 
| Select group hotkey | 300 |  | 
| Use ability | 90 |  | 
                2479 total
 » units 
                
                | Acolyte | 12 |  | 
| Ghoul | 13 |  | 
| Abomination | 24 |  | 
| Frost Wyrm | 3 |  | 
| Gargoyle | 17 |  | 
                69 total
 » upgrades
                
                | Unholy Strength | 3 |  | 
| Cannibalize | 1 |  | 
| Unholy Armor | 3 |  | 
| Disease Cloud | 1 |  | 
| Freezing Breath | 1 |  | 
| Creature Attack | 3 |  | 
| Creature Carapace | 2 |  | 
                14 total
 » buildings
                
                | Ziggurat | 9 |  | 
| Altar of Darkness | 1 |  | 
| Crypt | 1 |  | 
| Graveyard | 1 |  | 
| Nerubian Tower | 1 |  | 
| Halls of the Dead | 1 |  | 
| Black Citadel | 1 |  | 
| Slaughterhouse | 2 |  | 
| Sacrificial Pit | 1 |  | 
| Boneyard | 2 |  | 
| Tomb of Relics | 1 |  | 
                21 total
 » build order
                00:07 Ziggurat
00:09 Altar of Darkness
00:33 Crypt
00:56 Ziggurat
01:18 Graveyard
01:47 Ziggurat
02:00 Nerubian Tower
03:45 Halls of the Dead
05:05 Ziggurat
06:07 Black Citadel
06:09 Slaughterhouse
07:06 Slaughterhouse
11:34 Ziggurat
11:36 Ziggurat
14:00 Ziggurat
14:02 Ziggurat
19:43 Ziggurat
30:27 Sacrificial Pit
31:27 Boneyard
31:33 Boneyard
41:45 Tomb of Relics
» items
                 
               
              
              
SmiTtyTheMaSteR (
green | 47 APM | 3339 actions | 71:12)
              
 4 Lich 
 2 Frost Nova
 2 Dark Ritual
 4 Death Knight 
 2 Death Coil
 2 Unholy Aura
 2 Dreadlord 
 1 Sleep
 1 Carrion Swarm
 
                » actions 
                
                | Assign group hotkey | 39 |  | 
| Basic commands | 105 |  | 
| Build / train | 149 |  | 
| Enter build submenu | 43 |  | 
| Enter hero's abilities submenu | 10 |  | 
| Give item / drop item | 1 |  | 
| Remove unit from queue | 25 |  | 
| Right click | 1638 |  | 
| Select / deselect | 598 |  | 
| Select group hotkey | 466 |  | 
| Use ability | 265 |  | 
                3339 total
 » units 
                
                | Acolyte | 29 |  | 
| Ghoul | 20 |  | 
| Necromancer | 3 |  | 
| Obsidian Statue | 1 |  | 
| Meatwagon | 1 |  | 
| Frost Wyrm | -6 |  | 
| Gargoyle | 35 |  | 
                83 total
 » upgrades
                
                | Necromancer Training | 2 |  | 
| Exhume Corpses | 1 |  | 
| Skeletal Longevity | 1 |  | 
| Unholy Armor | 3 |  | 
| Skeletal Mastery | 1 |  | 
| Ghoul Frenzy | 1 |  | 
| Unholy Strength | 1 |  | 
| Freezing Breath | 1 |  | 
| Creature Attack | 1 |  | 
| Creature Carapace | 1 |  | 
                13 total
 » buildings
                
                | Crypt | 3 |  | 
| Altar of Darkness | 1 |  | 
| Ziggurat | 12 |  | 
| Tomb of Relics | 2 |  | 
| Nerubian Tower | 4 |  | 
| Halls of the Dead | 6 |  | 
| Graveyard | 1 |  | 
| Temple of the Damned | 2 |  | 
| Slaughterhouse | 2 |  | 
| Necropolis | 4 |  | 
| Black Citadel | 1 |  | 
| Sacrificial Pit | 1 |  | 
| Boneyard | 2 |  | 
| Guard Tower | 1 |  | 
| Lumber Mill | 59 |  | 
| Blacksmith | 25 |  | 
                126 total
 » build order
                00:07 Crypt
00:10 Altar of Darkness
00:25 Ziggurat
00:54 Tomb of Relics
00:59 Tomb of Relics
01:48 Ziggurat
03:22 Ziggurat
03:40 Nerubian Tower
04:48 Halls of the Dead
04:48 Halls of the Dead
04:48 Halls of the Dead
04:55 Graveyard
07:24 Temple of the Damned
07:28 Temple of the Damned
07:29 Slaughterhouse
07:38 Slaughterhouse
08:05 Necropolis
10:07 Ziggurat
10:45 Black Citadel
16:02 Necropolis
18:49 Necropolis
20:17 Sacrificial Pit
20:30 Ziggurat
20:31 Ziggurat
20:33 Ziggurat
20:34 Ziggurat
20:36 Ziggurat
21:30 Nerubian Tower
21:42 Nerubian Tower
24:11 Ziggurat
24:12 Ziggurat
24:13 Ziggurat
27:48 Nerubian Tower
27:58 Boneyard
28:01 Boneyard
40:56 Crypt
40:57 Crypt
52:26 Guard Tower
52:40 Lumber Mill
52:44 Lumber Mill
52:52 Lumber Mill
52:53 Lumber Mill
52:58 Lumber Mill
53:00 Lumber Mill
53:03 Lumber Mill
53:05 Lumber Mill
53:06 Lumber Mill
53:08 Lumber Mill
53:10 Lumber Mill
53:11 Lumber Mill
54:58 Blacksmith
54:59 Blacksmith
55:00 Blacksmith
55:01 Blacksmith
55:05 Blacksmith
55:06 Blacksmith
55:07 Blacksmith
55:09 Blacksmith
55:10 Blacksmith
55:14 Blacksmith
55:14 Blacksmith
55:16 Blacksmith
55:21 Blacksmith
55:22 Blacksmith
55:23 Blacksmith
55:38 Blacksmith
55:39 Blacksmith
55:41 Blacksmith
55:42 Blacksmith
55:43 Blacksmith
55:44 Blacksmith
55:46 Blacksmith
55:47 Blacksmith
55:49 Blacksmith
55:51 Blacksmith
56:56 Necropolis
59:16 Lumber Mill
59:17 Lumber Mill
59:19 Lumber Mill
59:20 Lumber Mill
59:23 Lumber Mill
59:25 Lumber Mill
59:26 Lumber Mill
59:28 Lumber Mill
59:30 Lumber Mill
59:31 Lumber Mill
59:32 Lumber Mill
59:34 Lumber Mill
59:36 Lumber Mill
59:37 Lumber Mill
59:39 Lumber Mill
59:41 Lumber Mill
59:45 Lumber Mill
59:47 Lumber Mill
59:50 Lumber Mill
59:51 Lumber Mill
59:53 Lumber Mill
59:57 Lumber Mill
59:58 Lumber Mill
60:00 Lumber Mill
60:02 Lumber Mill
60:06 Lumber Mill
60:07 Lumber Mill
60:10 Lumber Mill
60:12 Lumber Mill
60:13 Lumber Mill
60:15 Lumber Mill
60:19 Lumber Mill
60:20 Lumber Mill
60:22 Lumber Mill
60:23 Lumber Mill
60:24 Lumber Mill
60:26 Lumber Mill
60:27 Lumber Mill
60:30 Lumber Mill
60:32 Lumber Mill
60:41 Lumber Mill
60:42 Lumber Mill
60:44 Lumber Mill
60:45 Lumber Mill
60:47 Lumber Mill
60:48 Lumber Mill
60:49 Lumber Mill
» items
                
                | Rod of Necromancy | 1 |  | 
| Ring of Protection +5 | 1 |  | 
                2 total
  
               
              
              
Yup.Yup (
pink | 48 APM | 1992 actions | 41:44)
              
 4 Archmage 
 2 Blizzard
 2 Brilliance Aura
 3 Blood Mage 
 2 Flame Strike
 1 Banish
 
                » actions 
                
                | Assign group hotkey | 1 |  | 
| Basic commands | 116 |  | 
| Build / train | 127 |  | 
| ESC pressed | 17 |  | 
| Enter build submenu | 57 |  | 
| Enter hero's abilities submenu | 7 |  | 
| Remove unit from queue | 1 |  | 
| Right click | 844 |  | 
| Select / deselect | 655 |  | 
| Use ability | 166 |  | 
                1992 total
 » units 
                
                | Peasant | 15 |  | 
| Footman | 12 |  | 
| Priest | 5 |  | 
| Spell Breaker | 5 |  | 
| Dragonhawk Rider | 37 |  | 
| Gryphon Rider | 3 |  | 
| Knight | 5 |  | 
                82 total
 » upgrades
                
                | Defend | 1 |  | 
| Backpack | 1 |  | 
| Lumber Harvesting | 1 |  | 
| Masonry | 3 |  | 
| Control Magic | 1 |  | 
| Cloud | 1 |  | 
| Animal War Training | 1 |  | 
| Storm Hammers | 1 |  | 
| Magic Sentry | 1 |  | 
                11 total
 » buildings
                
                | Altar of Kings | 1 |  | 
| Farm | 13 |  | 
| Barracks | 2 |  | 
| Scout Tower | 41 |  | 
| Arcane Tower | 1 |  | 
| Keep | 2 |  | 
| Arcane Vault | 1 |  | 
| Castle | 1 |  | 
| Town Hall | 2 |  | 
| Lumber Mill | 1 |  | 
| Arcane Sanctum | 1 |  | 
| Blacksmith | 1 |  | 
| Guard Tower | 13 |  | 
| Gryphon Aviary | 2 |  | 
                82 total
 » build order
                00:04 Altar of Kings
00:19 Farm
00:34 Barracks
00:51 Farm
01:44 Scout Tower
02:20 Arcane Tower
02:27 Barracks
02:44 Farm
02:53 Farm
03:53 Keep
03:53 Keep
04:44 Arcane Vault
06:21 Castle
06:52 Farm
06:54 Farm
07:31 Town Hall
08:03 Farm
08:09 Lumber Mill
09:22 Arcane Sanctum
09:25 Blacksmith
09:41 Scout Tower
09:43 Scout Tower
10:06 Scout Tower
10:10 Scout Tower
10:12 Guard Tower
10:14 Guard Tower
10:15 Guard Tower
11:09 Guard Tower
11:15 Gryphon Aviary
11:41 Gryphon Aviary
16:18 Farm
16:20 Farm
16:21 Farm
16:22 Farm
17:54 Farm
17:55 Farm
20:19 Scout Tower
20:30 Scout Tower
20:33 Scout Tower
20:35 Scout Tower
20:37 Scout Tower
20:53 Scout Tower
20:56 Scout Tower
20:57 Scout Tower
21:42 Guard Tower
21:44 Scout Tower
22:13 Guard Tower
22:16 Guard Tower
22:54 Scout Tower
22:56 Scout Tower
26:03 Town Hall
26:04 Scout Tower
26:06 Scout Tower
26:08 Scout Tower
26:09 Scout Tower
26:10 Scout Tower
26:12 Scout Tower
26:15 Scout Tower
26:16 Scout Tower
26:18 Scout Tower
27:26 Guard Tower
27:27 Guard Tower
28:01 Guard Tower
30:41 Guard Tower
33:51 Scout Tower
33:52 Scout Tower
33:52 Scout Tower
33:53 Scout Tower
33:53 Scout Tower
33:53 Scout Tower
33:53 Scout Tower
33:54 Scout Tower
33:54 Scout Tower
33:54 Scout Tower
33:55 Scout Tower
33:55 Scout Tower
38:04 Guard Tower
40:28 Guard Tower
» items
                
                | Scroll of Regeneration | 3 |  | 
| Scroll of Town Portal | 1 |  | 
| Potion of Healing | 1 |  | 
                5 total
  
                Chat log
          
(24:57 / All) Yup.Yup: we brought this strat here.. you do it wrong.. so bad..
(41:56 / All) JIMBOSAURUS: Don't start none, won't be none.
(42:21 / All) ChronoBeast87: way to mess up the lyrics you dumb fuck
(43:21 / All) PEEON.YOU: we brought this strat here... you suck at it
(43:28 / All) BO_SCHEMBECHLER: so bad
(55:51 / All) BO_SCHEMBECHLER: manner